Map: Port Aleksander EC

Players

Enzo

  • Race: Terran Terran
  • League: Diamond
  • Spawn Location: 11:00

Sorandom - Winner!

  • Race: Zerg Zerg
  • League: Diamond
  • Spawn Location: 5:00

VOD

Have the link to the VOD?

Description

Time

  • Played on: April 4, 2019, 8:20 p.m.
  • Length: 16:45
Show
View Real Time Build Order
Export as new Build Order

Enzo Terran 

Build Orders: Reaper Expand 

Get SALT Encoding   

  12  0:01  SCV  
  13  0:13  SCV  
  14  0:18  Supply Depot  
  14  0:25  SCV  
  15  0:39  SCV  
  15  0:40  Barracks  
  16  0:45  Refinery  
  16  0:52  SCV  
  17  1:04  SCV  
  18  1:16  SCV  
  19  1:28  Orbital Command  
  19  1:29  Reaper  
  20  1:48  Command Center  
  20  1:54  SCV  
  21  2:02  Barracks  
  21  2:04  Barracks Reactor  
  22  2:08  SCV  
  22  2:12  Refinery  
  22  2:20  Supply Depot  
  22  2:24  SCV  
  23  2:36  Factory  
  22  2:38  SCV  
  23  2:44  Marine  
  23  2:50  SCV  
  25  2:52  Barracks Tech Lab  
  25  2:53  Marine  
  26  3:10  Orbital Command  
  26  3:11  SCV  
  27  3:14  Stimpack  
  27  3:15  Marine  
  28  3:23  Marine x2  
  30  3:27  SCV  
  30  3:33  Marine  
  32  3:47  Marine  
  32  3:48  Marine  
  33  3:49  Factory Tech Lab  
  33  3:50  Orbital Command  
  33  3:51  SCV  
  33  3:52  Starport  
  34  4:01  Marine  
  35  4:07  SCV  
  35  4:09  Marine  
  36  4:10  Marine  
  36  4:12  Siege Tank  
  41  4:17  SCV  
  41  4:20  SCV  
  43  4:27  Supply Depot  
  43  4:28  Supply Depot, Marine  
  43  4:29  Starport Reactor, Marine x2  
  45  4:39  Supply Depot  
  45  4:47  Marine  
  45  4:48  Siege Tank, Marine x2  
  45  4:52  Supply Depot  
  51  4:53  Supply Depot  
  51  4:57  SCV x2  
  53  5:05  Medivac x2  
  57  5:07  Marine x2  
  57  5:13  SCV x2  
  61  5:19  Supply Depot  
  61  5:20  Marine  
  62  5:22  Combat Shield  
  62  5:25  SCV  
  63  5:30  SCV  
  63  5:31  Marine  
  63  5:32  Marine  
  66  5:36  Engineering Bay  
  66  5:50  Marine x3  
  66  5:56  SCV x2  
  66  5:57  Engineering Bay  
  71  5:58  Refinery  
  71  6:00  Refinery  
  71  6:04  Missile Turret  
  71  6:05  Missile Turret  
  71  6:19  Marine x3  
  71  6:22  SCV x2  
  76  6:27  Terran Infantry Weapons Level 1  
  76  6:30  Terran Infantry Armor Level 1  
  76  6:35  Command Center  
  76  6:37  Marine  
  77  6:53  Marine  
  77  6:54  Marauder  
  68  6:55  Marine  
  68  7:00  SCV x2  
  71  7:06  Barracks  
  71  7:07  Barracks  
  71  7:10  Barracks  
  71  7:11  Marine  
  71  7:12  Marine  
  73  7:24  Marine  
  73  7:26  Siege Tank  
  73  7:28  Marine  
  73  7:29  SCV x2  
  80  7:32  Armory  
  80  7:38  Marine  
  80  7:41  SCV x2  
  80  7:42  Marine  
  84  7:46  Marine  
  84  7:50  Medivac x2  
  89  7:53  SCV x2  
  89  7:56  Orbital Command, Marine  
  92  8:00  Marine  
  92  8:04  Marine  
  94  8:14  Marine  
  94  8:18  Marine x3  
  94  8:19  Barracks Reactor  
  97  8:20  Siege Tank  
  97  8:22  SCV  
  97  8:26  Orbital Command  
  101  8:38  Barracks Reactor x2  
  101  8:41  Terran Infantry Weapons Level 2, Terran Infantry Armor Level 2  
  101  8:46  Supply Depot  
  101  8:48  Supply Depot  
  101  8:50  Terran Vehicle Weapons Level 1  
  101  8:51  Supply Depot  
  101  8:52  Supply Depot  
  101  9:00  SCV, Marine  
  101  9:06  Marine  
  101  9:07  Marine x3  
  101  9:08  SCV  
  98  9:21  Marine x4  
  98  9:22  Thor, Marine  
  109  9:26  Marauder  
  109  9:30  Marine  
  109  9:31  Marine x2  
  103  9:35  SCV x2  
  103  9:37  SCV  
  107  9:39  Marine x2  
  107  9:40  Missile Turret, Sensor Tower  
  109  9:47  SCV x2  
  109  9:49  SCV  
  112  9:59  SCV x2  
  111  10:01  SCV  
  104  10:11  SCV x2  
  104  10:12  Marine  
  104  10:13  SCV, Marine  
  109  10:20  Marine x3  
  109  10:21  Marauder, Marine x3  
  114  10:27  SCV x3  
  120  10:30  Marine  
  120  10:31  Command Center, Refinery x2  
  121  10:37  Barracks  
  121  10:38  Barracks  
  121  10:39  Factory, Drilling Claws  
  123  10:43  Marauder  
  123  10:49  Marine x4  
  127  10:50  Marine x2  
  129  11:00  Marine x2  
  133  11:04  Marauder  
  133  11:17  Supply Depot  
  133  11:32  Barracks Reactor  
  133  11:33  Barracks Reactor  
  133  11:34  Terran Infantry Weapons Level 3  
  133  11:35  Barracks  
  133  11:39  Marauder, Marine x6  
  141  11:41  Terran Infantry Armor Level 3  
  141  11:42  Thor, Marine x2  
  141  11:45  Medivac  
  141  11:46  SCV x2  
  153  11:52  Supply Depot  
  153  11:56  Marine  
  153  12:01  Marauder  
  156  12:12  Marine x4  
  156  12:13  Marine x3  
  156  12:15  Marine x3  
  155  12:16  Marine x2  
  155  12:20  Medivac  
  155  12:22  Marauder  
  162  12:27  Terran Vehicle Weapons Level 2  
  162  12:29  Marine x2  
  162  12:31  Factory Tech Lab  
  162  12:35  Barracks Tech Lab  
  164  12:49  Missile Turret  
  164  12:50  Planetary Fortress  
  164  12:51  Ghost Academy  
  164  12:53  Missile Turret  
  164  12:54  Supply Depot, SCV  
  164  12:57  Supply Depot, SCV  
  163  12:59  Marauder  
  160  13:08  Marine  
  160  13:09  Marauder, Marine  
  160  13:12  Marine  
  135  13:20  Marauder  
  121  13:33  Marine x3  
  121  13:34  Marauder  
  126  13:41  Marauder  
  126  13:43  Marine  
  126  13:44  Marine x6  
  130  13:52  SCV x2, Command Center  
  130  13:53  Refinery  
  130  13:54  Refinery  
  130  13:55  Marauder  
  128  14:02  Marine  
  128  14:03  Marauder, Marine  
  110  14:16  Marauder  
  78  14:17  Marine x3  
  78  14:18  Marine x3  
  78  14:21  SCV  
  75  14:24  Marauder  
  75  14:26  SCV  
  74  14:32  Medivac x2  
  74  14:33  SCV  
  74  14:36  Marine x2  
  74  14:38  Marauder  
  83  14:45  Marauder  
  83  14:46  Marine  
  77  14:59  Marauder  
  79  15:01  SCV  
  82  15:07  Marauder  
  82  15:21  Marauder  
  84  15:27  Thor  
  90  15:53  SCV x3  
  90  15:55  Marine x4  
  90  15:56  Marauder x2  
  90  15:57  Medivac, Marine x2  
  105  16:05  SCV x2  
  105  16:06  SCV  
  108  16:12  Marine  
  108  16:13  Marine  
  108  16:17  Marauder x2, SCV  
Show
View Real Time Build Order
Export as new Build Order

Sorandom Zerg - Winner!

Build Orders: Pool First, Muta Ling Bane 

Get SALT Encoding   

  12  0:01  Drone  
  13  0:13  Overlord  
  13  0:18  Drone  
  14  0:31  Drone x2  
  14  0:35  Drone  
  17  0:49  Spawning Pool  
  16  1:08  Extractor  
  15  1:11  Hatchery  
  15  1:15  Drone  
  15  1:19  Drone  
  15  1:22  Drone  
  17  1:32  Overlord  
  17  1:41  Zergling x2  
  18  1:56  Drone  
  18  1:57  Queen  
  21  2:09  Drone  
  22  2:17  Drone  
  22  2:19  Metabolic Boost  
  23  2:23  Drone x2  
  25  2:30  Queen  
  25  2:37  Drone x2  
  28  2:43  Drone  
  30  2:47  Drone  
  30  3:15  Drone x6  
  36  3:29  Hatchery  
  35  3:35  Lair  
  35  3:36  Overlord  
  35  3:49  Drone  
  35  3:51  Extractor  
  35  3:52  Overlord x3  
  35  3:53  Queen  
  37  3:59  Drone  
  37  4:00  Drone x3  
  41  4:03  Drone  
  42  4:12  Baneling Nest  
  42  4:13  Evolution Chamber  
  42  4:14  Evolution Chamber, Drone  
  40  4:22  Drone x4  
  44  4:30  Zergling x4  
  44  4:31  Zergling x4  
  48  4:41  Zerg Ground Armor Level 1  
  48  4:47  Extractor, Drone  
  48  4:48  Drone  
  48  4:50  Zergling x8  
  53  4:54  Overlord  
  53  5:08  Centrifical Hooks  
  53  5:09  Drone  
  53  5:10  Drone x2  
  53  5:12  Zergling x6  
  53  5:13  Baneling x4  
  59  5:14  Zergling x2  
  59  5:15  Zergling x2  
  61  5:23  Drone  
  61  5:24  Drone x2  
  61  5:27  Drone x2  
  66  5:28  Extractor  
  66  5:32  Queen  
  67  5:38  Zerg Melee Weapons Level 1  
  67  5:40  Baneling x3  
  67  5:41  Zergling x8  
  71  5:54  Zergling x16  
  79  6:05  Zergling x6  
  79  6:06  Overlord x2  
  82  6:24  Queen  
  82  6:25  Drone x8  
  89  6:27  Zergling x2  
  89  6:28  Zergling x2  
  94  6:33  Zergling x8  
  94  6:37  Zerg Ground Armor Level 2  
  94  6:59  Spire  
  94  7:01  Infestation Pit  
  92  7:02  Spore Crawler  
  92  7:04  Spore Crawler  
  90  7:23  Drone  
  90  7:24  Drone x6  
  90  7:27  Extractor, Overlord x6  
  90  7:28  Extractor  
  95  7:32  Zerg Melee Weapons Level 2  
  95  7:33  Hatchery  
  94  7:43  Drone  
  94  7:44  Drone x2  
  97  7:45  Drone x2  
  99  8:05  Zergling x12  
  105  8:13  Mutalisk x6  
  105  8:17  Overseer  
  117  8:23  Drone x4  
  121  8:28  Mutalisk  
  121  8:30  Baneling x3  
  121  8:31  Baneling x2  
  121  8:32  Zergling x4  
  125  8:39  Overlord  
  125  8:41  Zergling x2, Mutalisk  
  125  8:43  Zergling x4, Overlord  
  130  8:50  Hive  
  130  8:52  Drone x2  
  132  9:03  Mutalisk  
  132  9:04  Mutalisk  
  133  9:10  Mutalisk  
  133  9:25  Mutalisk x2  
  133  9:27  Drone x13  
  133  9:30  Extractor  
  133  9:31  Extractor, Queen x3  
  152  9:44  Overlord x4  
  152  9:45  Overlord x2, Hatchery  
  149  10:00  Zergling x16  
  122  10:08  Zergling x10  
  121  10:15  Drone  
  121  10:16  Drone x2  
  121  10:20  Drone x2  
  126  10:23  Baneling  
  126  10:24  Baneling x17  
  126  10:25  Zergling x8  
  126  10:26  Mutalisk x3  
  136  10:36  Mutalisk x2  
  136  10:42  Zergling x8  
  144  11:15  Spore Crawler  
  144  11:18  Mutalisk x8  
  143  11:19  Mutalisk  
  143  11:20  Zergling x6  
  143  11:21  Zergling x12  
  170  11:28  Zergling x10  
  175  11:38  Hatchery  
  174  11:43  Baneling  
  174  11:44  Baneling x22  
  174  11:45  Zergling x14  
  181  12:00  Hatchery  
  172  12:02  Zergling x20  
  172  12:03  Zergling x4  
  184  12:11  Zerg Melee Weapons Level 3  
  184  12:13  Zerg Ground Armor Level 3  
  184  12:14  Zerg Flyer Weapons Level 1  
  174  12:31  Extractor  
  174  12:35  Extractor  
  172  12:38  Zergling x30  
  172  12:42  Ultralisk Cavern  
  186  12:45  Adrenal Glands  
  186  12:50  Overseer  
  186  12:55  Mutalisk x5  
  158  13:20  Zergling x12  
  158  13:21  Zergling x16  
  165  13:28  Zergling x10  
  165  13:32  Zergling x6  
  165  13:33  Zergling x2  
  168  13:44  Baneling x4  
  168  13:45  Baneling x22  
  164  13:49  Mutalisk x5  
  164  13:55  Spawning Pool  
  169  14:08  Zergling x34  
  150  14:16  Zergling x6  
  130  14:19  Zergling x2  
  130  14:21  Drone x2  
  125  14:33  Zergling x10  
  125  14:34  Zergling x2  
  121  14:46  Zergling x14  
  121  14:48  Zergling x4  
  122  14:58  Zergling x8  
  114  15:01  Zergling x4  
  116  15:07  Drone x7  
  116  15:09  Zergling x2  
  124  15:16  Baneling  
  124  15:17  Baneling x21  
  124  15:18  Zergling x4  
  124  15:19  Zergling x10  
  124  15:21  Ultralisk x2  
  143  15:32  Drone x4  
  147  15:48  Zergling x34  
  164  15:51  Spore Crawler  
  164  15:54  Overseer  
  163  15:58  Ultralisk  
  169  16:08  Zergling x2  
  169  16:09  Zergling x8  
Tags
 
Add a new tag
Caveats
  • Supply blocks, unpowered buildings, or Contaminate may cause inaccurate times.
  • Supply counts are checked every 10 seconds.